 Dungeon Crawl Stone Soup version 0.31-a0-986-g5e6e4ef867 (webtiles) character file.

Game seed: 14748503984886175610

19454 rageheart7 the Severer (level 12, -6/106 HPs)
             Began as a Hill Orc Gladiator on Nov 10, 2023.
             Was a High Priest of Okawaru.
             Mangled by a skeletal warrior
             ... wielding a +0 dire flail
              (15 damage)
             ... on level 12 of the Dungeon.
             The game lasted 00:17:14 (10127 turns).

rageheart7 the Severer (Hill Orc Gladiator)        Turns: 10127, Time: 00:17:14

Health: -6/106     AC: 11    Str: 29    XL:     12   Next: 69%
Magic:  16/16      EV: 11    Int:  8    God:    Okawaru [*****.]
Gold:   999        SH:  0    Dex: 18    Spells: 11/11 levels left

rFire   + . .        A - +6 broad axe of the Dove {flame, *Rage rPois rF+ rN++}
rCold   . . .        j - +1 tower shield
rNeg    + + +        M - +0 acid dragon scales
rPois   +            c - +0 helmet
rElec   +            r - +0 cloak
rCorr   +            f - +0 pair of gloves
SInv    .            k - +0 pair of boots
Will    .....        v - amulet of Morality {Acrobat Rampage *Corrode rElec Str+7}
Stlth   +            o - +6 ring of dexterity
HPRegen 0.37/turn    p - ring of positive energy
MPRegen 0.15/turn

%: random rage (20%), corrode self (3%), acrobat, rampage
@: confused, ambrosia-drunk
A: deformed body, inability to read after injury 1, noise suppression
a: Renounce Religion, Heroism, Finesse, Duel


You were on level 12 of the Dungeon.
You worshipped Okawaru.
Okawaru was extremely pleased with you.
You visited 2 branches of the dungeon, and saw 13 of its levels.

You collected 999 gold pieces.

Inventory:

Hand Weapons
 A - the +6 broad axe of the Dove (weapon) {flame, *Rage rPois rF+ rN++}
   (You found it on level 5 of the Dungeon)

   rF+:       It protects you from fire.
   rPois:     It protects you from poison rN++: It greatly protects you from
   negative energy.
   *Rage:     It berserks you when you make melee attacks (+20% chance).
 O - a +4 battleaxe of venom
Missiles
 d - 5 throwing nets (quivered)
 e - a javelin
 D - a datura-tipped dart
 F - 2 silver javelins
Armour
 c - a +0 helmet (worn)
 f - a +0 pair of gloves (worn)
 j - a +1 tower shield (worn)
 k - a +0 pair of boots (worn)
 r - a +0 cloak (worn)
 M - +0 acid dragon scales (worn)
Jewellery
 o - a +6 ring of dexterity (left hand)
 p - a ring of positive energy (right hand)
 t - an amulet of regeneration
 v - the amulet of Morality (around neck) {Acrobat Rampage *Corrode rElec Str+7}
   (You found it on level 4 of the Dungeon)

   [amulet of the acrobat]

   Acrobat:   It increases your evasion while moving and waiting.
   Str+7:     It affects your strength (+7).
   rElec:     It insulates you from electricity.
   *Corrode:  It may corrode you when you take damage.
   Rampage:   It bestows one free step when moving towards enemies.
 w - a ring of resist corrosion
Wands
 s - a wand of flame (35)
 x - a wand of paralysis (14)
 I - a wand of digging (5)
Scrolls
 a - 2 scrolls of vulnerability
 b - a scroll of fog
 h - 6 scrolls of teleportation
 m - a scroll of silence
 q - 3 scrolls of immolation
 y - 2 scrolls of noise
 E - a scroll of enchant armour
 G - a scroll of poison
Potions
 g - a potion of haste
 i - 7 potions of ambrosia
 l - a potion of curing
 n - a potion of magic {unknown}
 u - a potion of lignification
 z - a potion of brilliance
 B - 4 potions of resistance
 C - a potion of cancellation
 P - a potion of heal wounds {unknown}
 R - 2 potions of enlightenment
 S - a potion of might {unknown}
 T - a potion of invisibility {unknown}


   Skills:
 - Level 10.2 Fighting
 - Level 18.0 Axes
 - Level 1.7 Throwing
 + Level 9.5 Armour
 - Level 2.4 Dodging
 + Level 9.4 Shields
 + Level 5.5 Invocations


You had 11 spell levels left.
You didn't know any spells.
Your spell library contained the following spells:

 Spells                   Type           Power      Damage    Failure   Level
 Apportation              Tloc           0%         N/A       83%         1
 Foxfire                  Conj/Fire      0%         2x1d4     83%         1
 Kiss of Death            Conj/Necr      0%         2d5       83%         1
 Necrotise                Necr           0%         1d4       83%         1
 Sting                    Tmut/Pois      0%         1d3       83%         1
 Ensorcelled Hibernation  Hex/Ice        0%         N/A       93%         2
 Jinxbite                 Hex            0%         N/A       93%         2
 Passwall                 Tmut/Erth      0%         N/A       93%         2
 Poisonous Vapours        Pois/Air       0%         N/A       93%         2
 Confusing Touch          Hex            0%         N/A       99%         3
 Swiftness                Air            0%         N/A       99%         3
 Anguish                  Hex/Necr       0%         N/A       100%        4
 Dispel Undead            Necr           0%         3d6       100%        4
 Olgreb's Toxic Radiance  Pois           0%         N/A       100%        4
 Plasma Beam              Fire/Air       0%         2x1d10    100%        6
 Starburst                Conj/Fire      0%         6d3       100%        6
 Summon Small Mammal      Summ           Unusable   N/A       N/A         1

Dungeon Overview and Level Annotations

Branches:
Dungeon (12/15)            Temple (1/1) D:7            Lair (0/5) D:8
    Orc (0/2) D:10

Altars:
Ashenzari
Cheibriados
Dithmenos
Elyvilon
Fedhas
Gozag
Hepliaklqana
Kikubaaqudgha
Makhleb
Nemelex Xobeh
Okawaru
Qazlal
Ru
Sif Muna
Trog
Uskayaw
Vehumet
Wu Jian
Xom
Yredelemnul
Zin
The Shining One

Shops:
D:2 (   D:8 :


Innate Abilities, Weirdness & Mutations

Armour fits poorly on your strangely shaped body.
You occasionally lose the ability to read scrolls when taking damage.
You passively dampen the noise of your surroundings.


Message History

You are too injured to fight recklessly!
You are too injured to fight recklessly!
You are too injured to fight recklessly!
You are too injured to fight recklessly!
You are too injured to fight recklessly!
You are too injured to fight recklessly!
You are too injured to fight recklessly!
You barely miss the skeletal warrior. You hit the skeletal warrior.
You burn the skeletal warrior.
The skeletal warrior is lightly damaged.
You block the skeletal warrior's attack.
The skeletal warrior closely misses you.
You hit the skeletal warrior but do no damage.
The skeletal warrior is lightly damaged.
You block the skeletal warrior's attack. x2
You closely miss the skeletal warrior.
The skeletal warrior is lightly damaged.
You recover from your berserk rage.
The skeletal warrior hits you with a +0 dire flail!!
* * * LOW HITPOINT WARNING * * *
You hit the skeletal warrior but do no damage.
The skeletal warrior is lightly damaged.
The skeletal warrior hits you from afar with a +0 heavy glaive.
* * * LOW HITPOINT WARNING * * *
You block the skeletal warrior's attack.
You slice the skeletal warrior!! You burn the skeletal warrior.
The skeletal warrior is moderately damaged.
You block the skeletal warrior's attack.
You closely miss the skeletal warrior.
The skeletal warrior is moderately damaged.
You block the skeletal warrior's attack. x2
You are confused.
You feel invigorated.
The skeletal warrior hits you from afar with a +0 heavy glaive!
* * * LOW HITPOINT WARNING * * *
The skeletal warrior hits you with a +0 dire flail!!
* * * LOW HITPOINT WARNING * * *
You're too confused to move!
The skeletal warrior hits you with a +0 dire flail!
You die...

#...####. ....#
................ ....#
#................ ....#
#................
....####................
.........[..............
..................z.....
................z....?..
................@.......
........................
........................
.............)..........
........................
........................
......................?.
########################


You could see 2 skeletal warriors.

Vanquished Creatures
  A two-headed ogre (D:11)
  Erica (D:8)
  A boulder beetle (D:12)
  2 skeletal warriors (D:12)
  Pikel (D:9)
  The ghost of kaesle the Trooper, a novice HOFi (D:5)
  A deep elf pyromancer (D:12)
  A large abomination (D:10)
  Jeremiah (D:9)
  An unseen horror (D:12)
  A kobold demonologist (D:10)
  A harpy zombie (D:10)
  A hydra zombie (D:10)
  Prince Ribbit (D:9)
  A queen bee (D:10)
  7 trolls
  A small abomination (D:10)
  2 hornets
  Sigmund (D:5)
  8 slime creatures (D:12)
  A shadow (D:9)
  2 wraiths (D:11)
  A vampire (D:10)
  A wyvern (D:10)
  14 yaks
  A steam dragon (D:7)
  9 vampire mosquitoes
  A two-headed ogre zombie (D:10)
  An acid dragon (D:9)
  2 water moccasins (D:5)
  The ghost of haloelite the Cudgeller, an amateur OgGl (D:5)
  An elephant zombie (D:10)
  5 orc warriors (D:10)
  A sky beast (D:4)
  An ogre (D:4)
  2 ice beasts
  3 centaurs
  A lemure (D:9)
  3 phantoms
  5 bullfrogs
  3 scorpions
  2 gnoll sergeants
  8 wights (D:9)
  2 spriggan zombies (D:10)
  36 killer bees
  4 howler monkeys
  A wolf zombie (D:10)
  A jelly (D:4)
  5 orc priests
  5 hounds
  5 iguanas
  7 orc wizards
  6 killer bee zombies (D:10)
  9 gnolls
  3 adders
  A shadow imp (D:6)
  2 white imps
  2 worms (D:2)
  The ghost of XomNomNom the Covert, a weakling GnDe (D:5)
  4 dart slugs (D:2)
  30 orcs
  6 bats
  4 endoplasms
  4 giant cockroaches
  3 goblins
  5 hobgoblins
  4 jackals (D:5)
  2 quokkas
  4 ball pythons
  5 frilled lizards
  9 kobolds
  2 rats
276 creatures vanquished.

Vanquished Creatures (others)
  An orc wizard (D:11)
1 creature vanquished.

Grand Total: 277 creatures vanquished

Notes
Turn   | Place    | Note
-------+----------+-------------------------------------------
     0 | D:1      | rageheart7 the Hill Orc Gladiator began the quest for the
                  | Orb.
     0 | D:1      | Reached XP level 1. HP: 18/18 MP: 1/1
   637 | D:2      | Reached XP level 2. HP: 20/25 MP: 2/2
   781 | D:2      | Found Lathricuf's Weapon Shop.
   877 | D:2      | Reached XP level 3. HP: 22/31 MP: 3/3
  1044 | D:2      | Reached skill level 5 in Axes
  1598 | D:3      | Reached XP level 4. HP: 35/40 MP: 4/4
  2490 | D:4      | Reached XP level 5. HP: 20/47 MP: 5/5
  2598 | D:4      | Reached skill level 6 in Axes
  2613 | D:4      | Found a radiant altar of Vehumet.
  2678 | D:4      | Noticed an ogre
  2684 | D:4      | Killed an ogre
  2685 | D:4      | Reached skill level 5 in Fighting
  2685 | D:4      | Reached XP level 6. HP: 32/56 MP: 6/6
  2910 | D:4      | Noticed a sky beast
  2922 | D:4      | Killed a sky beast
  2923 | D:4      | Reached skill level 7 in Axes
  3105 | D:4      | Identified the amulet of Morality {Acrobat Rampage *Corrode
                  | rElec Str+7}
  3400 | D:5      | Entered Level 5 of the Dungeon
  3515 | D:5      | Reached XP level 7. HP: 57/64 MP: 7/7
  3536 | D:5      | Found a basalt altar of Yredelemnul.
  3585 | D:5      | Reached skill level 8 in Axes
  3840 | D:5      | Noticed Sigmund
  3854 | D:5      | Killed Sigmund
  3900 | D:5      | Found a sparkling altar of Nemelex Xobeh.
  3908 | D:5      | Reached skill level 9 in Axes
  3908 | D:5      | Reached XP level 8. HP: 74/74 MP: 8/8
  3986 | D:5      | Found a runed translucent gate.
  3989 | D:5      | Found a runed translucent gate.
  3989 | D:5      | Found a runed translucent gate.
  3989 | D:5      | Noticed haloelite's ghost (amateur OgGl)
  3989 | D:5      | Noticed kaesle's ghost (novice HOFi)
  3989 | D:5      | Noticed XomNomNom's ghost (weakling GnDe)
  4295 | D:5      | Found a hide-covered altar of Uskayaw.
  4372 | D:5      | Killed haloelite's ghost
  4377 | D:5      | Killed XomNomNom's ghost
  4393 | D:5      | Killed kaesle's ghost
  4394 | D:5      | Reached skill level 10 in Axes
  4448 | D:5      | Identified the +6 broad axe of the Dove {flame, *Rage rPois
                  | rF+ rN++}
  4580 | D:5      | Gained mutation: You have hidden genetic defects. [potion
                  | of mutation]
  4580 | D:5      | Gained mutation: Armour fits poorly on your strangely
                  | shaped body. [potion of mutation]
  4580 | D:5      | Gained mutation: You have large cloven feet. [potion of
                  | mutation]
  4691 | D:6      | Reached skill level 11 in Axes
  4691 | D:6      | Reached XP level 9. HP: 83/85 MP: 9/9
  4789 | D:6      | Reached skill level 10 in Fighting
  4800 | D:6      | Gained mutation: Your spells are a little easier to cast,
                  | but a little less powerful. [hidden defects]
  4889 | D:6      | Found a bloodstained altar of Trog.
  5226 | D:7      | Reached skill level 1 in Armour
  5226 | D:7      | Reached skill level 1 in Shields
  5344 | D:7      | Gained mutation: You occasionally lose the ability to drink
                  | potions when taking damage. [hidden defects]
  5344 | D:7      | Lost mutation: You have hidden genetic defects. [hidden
                  | defects expressed]
  5392 | D:7      | Reached skill level 12 in Axes
  5596 | D:7      | Noticed a troll
  5602 | D:7      | Killed a troll
  5814 | D:7      | Found a staircase to the Ecumenical Temple.
  5936 | Temple   | Entered the Ecumenical Temple
  5956 | Temple   | Became a worshipper of Warmaster Okawaru
  6248 | D:8      | Found Soogul's Book Boutique.
  6306 | D:8      | Noticed Erica
  6313 | D:8      | Killed Erica
  6313 | D:8      | Reached * piety under Okawaru
  6314 | D:8      | Reached skill level 13 in Axes
  6314 | D:8      | Reached XP level 10. HP: 93/93 MP: 10/10
  6741 | D:8      | Found a staircase to the Lair.
  6803 | D:8      | Identified the +3 lajatang "Spiderbane" {pain, Fragile rC-
                  | Str+7 Dex+3}
  6844 | D:9      | Noticed Pikel
  6856 | D:9      | Killed Pikel
  6856 | D:9      | Reached ** piety under Okawaru
  6857 | D:9      | Reached skill level 14 in Axes
  6946 | D:9      | Reached skill level 5 in Armour
  6951 | D:9      | Reached skill level 5 in Shields
  7026 | D:9      | Reached *** piety under Okawaru
  7065 | D:9      | Found a white marble altar of Elyvilon.
  7070 | D:9      | Noticed Prince Ribbit
  7078 | D:9      | Killed Prince Ribbit
  7083 | D:9      | Reached skill level 15 in Axes
  7094 | D:9      | Identified the +8 flail of Vidicomote {heavy, Str+4}
  7300 | D:9      | Noticed Jeremiah
  7314 | D:9      | Killed Jeremiah
  7314 | D:9      | Reached **** piety under Okawaru
  7315 | D:9      | Reached XP level 11. HP: 100/100 MP: 11/11
  7506 | D:10     | Entered Level 10 of the Dungeon
  7528 | D:10     | Noticed a large abomination
  7550 | D:10     | Lost mutation: You occasionally lose the ability to drink
                  | potions when taking damage. [potion of mutation]
  7550 | D:10     | Lost mutation: Your spells are a little easier to cast, but
                  | a little less powerful. [potion of mutation]
  7550 | D:10     | Lost mutation: You have large cloven feet. [potion of
                  | mutation]
  7550 | D:10     | Gained mutation: You occasionally lose the ability to read
                  | scrolls when taking damage. [potion of mutation]
  7550 | D:10     | Gained mutation: You passively dampen the noise of your
                  | surroundings. [potion of mutation]
  7598 | D:10     | Killed a large abomination
  7610 | D:10     | Reached skill level 16 in Axes
  7622 | D:10     | Found an ancient bone altar of Kikubaaqudgha.
  7832 | D:10     | Identified the +4 rapier of Imbalance {freeze, rPois Str+2}
  7837 | D:10     | Reached ***** piety under Okawaru
  8373 | D:10     | Reached skill level 17 in Axes
  8387 | D:10     | Received a gift from Okawaru
  8752 | D:10     | Found a staircase to the Orcish Mines.
  8952 | D:10     | Reached XP level 12. HP: 106/106 MP: 12/12
  8994 | D:11     | Reached skill level 1 in Invocations
  9375 | D:11     | Noticed a two-headed ogre
  9383 | D:11     | Killed a two-headed ogre
  9743 | D:12     | Received a gift from Okawaru
  9786 | D:12     | Reached skill level 18 in Axes
  9845 | D:12     | Noticed a boulder beetle
  9853 | D:12     | Killed a boulder beetle
 10092 | D:12     | Received a gift from Okawaru
 10093 | D:12     | Reached skill level 5 in Invocations
 10126 | D:12     | HP: 3/106 [skeletal warrior/+0 dire flail (18)]
 10127 | D:12     | Mangled by a skeletal warrior

Illustrated notes

Levels and vault maps discovered:
D:1:      eino_arrival_tree_alley, layout_loops_ring
D:2:      layout_basic, serial_shops, shop
D:3:      layout_basic, hangedman_decor_push, serial_park_tiny_pond
D:4:      layout_basic, vehumet_altar_wand_db
D:5:      layout_basic, lemuel_doored_altar, mainiacjoe_overflow_catwalk,
          kennysheep_mini, gammafunk_ghost_cemetery, uniq_sigmund
D:6:      layout_gridville, mainiacjoe_overflow_small_starburst
D:7:      layout_basic, lemuel_temple_firewalk_b, minmay_misc_feat_roman,
          st_stairs_5, hangedman_abyss_or_decor_jellyfish_corner
D:8:      layout_basic, lair_entry_dummy, serial_shops,
          nicolae_shop_tiny_statue_garden, item_on_display_a, uniq_erica
D:9:      layout_roguey, elyvilon_altar_4, serial_curves, eino_curves_02,
          eino_curves_03, eino_curves_04, uniq_pikel, uniq_jeremiah,
          uniq_prince_ribbit1
D:10:     layout_roguey [special_room_bee], david_orc_4, chequers_avenue,
          st_stairs_14, roadster_capsule_ark_zombie
D:11:     layout_roguey
D:12:     layout_small_grid
Temple:   lightli_temple_of_artemis

Skill      XL: |  1  2  3  4  5  6  7  8  9 10 11 12 |
---------------+-------------------------------------+-----
Fighting       | 3 4 5 6 7 9 10 | 10.2
Axes           | 5 6 7 9 11 13 15 17 18 | 18.0
Armour         | 4 6 8 9 |  9.5
Shields        | 4 6 8 9 |  9.4
Invocations    | 5 |  5.5
Throwing       | |  1.7
Dodging        | |  2.4

Action                     |  1- 3 |  4- 6 |  7- 9 | 10-12 || total
---------------------------+-------+-------+-------+-------++-------
  Melee: War axe           |    94 |    71 |    90 |       ||   255
         Broad axe         |       |       |    69 |   409 ||   478
  Evoke: Wand              |       |       |     2 |     1 ||     3
    Use: Scroll            |     1 |     4 |     8 |    11 ||    24
         Potion            |       |       |     4 |     2 ||     6
   Stab: Sleeping          |     1 |     2 |     3 |     1 ||     7
         Distracted        |       |       |       |     1 ||     1
 Armour: Leather armour    |    51 |    35 |    54 |       ||   140
         Skin              |       |       |    12 |       ||    12
         Troll leather arm |       |       |     8 |    47 ||    55
         Acid dragon scale |       |       |       |   146 ||   146
  Dodge: Dodged            |    54 |    15 |    47 |   133 ||   249
  Block: Tower shield      |     7 |    46 |   129 |   301 ||   483

Table legend: (Time is in decaauts)
 A = Elapsed time spent in this place.
 B = Non-inter-level travel time spent in this place.
 C = Inter-level travel time spent in this place.
 D = Time resting spent in this place.
 E = Time spent auto-exploring this place.
 F = Levels seen in this place.
 G = Mean time per level.
                   A        B        C        D        E       F      G
               +--------+--------+--------+--------+--------+-----+--------+
         Total |  10567 |  10129 |    438 |     39 |   8111 |  13 |  812.8 |
       Dungeon |  10526 |  10107 |    419 |     39 |   8111 |  12 |  877.2 |
        Temple |     40 |     21 |     19 |      0 |      0 |   1 |   40.0 |
               +--------+--------+--------+--------+--------+-----+--------+

Top non-repeatable levels by time:
    D:10: 1532 daAuts
     D:5: 1235 daAuts
     D:4: 1113 daAuts
     D:3: 1061 daAuts
     D:7: 986 daAuts
    D:11: 825 daAuts
     D:9: 730 daAuts
     D:6: 674 daAuts
     D:2: 665 daAuts
     D:8: 663 daAuts
     D:1: 624 daAuts
    D:12: 414 daAuts
  Temple: 40 daAuts
